[Event "Chess Classic 2023"]
[Site "London"]
[Date "2023.12.05"]
[Round "5"]
[White "Royal, Shreyas"]
[Black "Bartel, Mateusz"]
[Result "0-1"]
[WhiteElo "2438"]
[BlackElo "2659"]
[ECO "D94"]
[EventDate "2023.??.??"]
[Annotator "rafael"]
[PlyCount "114"]
[Beauty "6533358292526"]
[EventType "swiss"]
[EventRounds "9"]
[EventCountry "CAN"]
[TimeControl "5400+30"]

1.d4 d5 2.c4 c6 3.Nf3 Nf6 4.e3 g6 {The Schlechter Variation is passive and leads to an advantage for White without any major problems or risks. But it's still a playable line, as will be demonstrated in this game.} 5.Nc3 Bg7 6.Be2 O-O 7.O-O Be6 {Not the most popular choice, but it was played recently by Abdusattorov in a rapid game. Bartel has also played it in November, so it was probably not a big surprise for Royal.} ( 7...Bg4 ) ( 7...a6 ) 8.b3 {A natural choice. Many moves are playable and almost all of them offer a small advantage to White. We have a long positional battle ahead and Bartel probably counted on that.} ( 8.h3 {is a useful move for White normally, to prevent Bg4. To play it after Black has placed the bishop on e6 seems provocative.} 8...Ne4 ( 8...dxc4 $1 {[%c_effect c4;square;c4;type;GreatFind;persistent;true] is the most challenging move.} ) 9.Qb3 {with a slight advantage for White in Keymer-Abdusattorov, Tata Steel India rapid Kolkata 2023.} ) ( 8.Ng5 Bf5 ) ( 8.Qb3 Qb6 ) ( 8.cxd5 cxd5 {This is the idea: by inviting White to capture on d5, the knight is ready to go to c6. Anyway, White is slightly better.} ) 8...Ne4 9.Bb2 Nxc3 ( 9...f5 $6 {[%c_effect f5;square;f5;type;Inaccuracy;persistent;true] was played by Bartel in a rapid game.} 10.Rc1 {White has the advantage: Moranda-Bartel, POL Superleague Rapid Final Bydgoszcz 2023.} ) 10.Bxc3 h6 {Played in order to prevent Ng5.} ( 10...Bg4 {is possible:} 11.h3 Bxf3 12.Bxf3 e6 {This is vintage Schlechter Defense. White has the pair of bishop's and more space, but Black is utterly solid. We have at least fifty moves of maneuvering ahead.} ) 11.Qc2 ( 11.h3 {is good prophylaxis against Bg4 or even g5-g4. This later idea seems absurd at the moment, but don't hurry with your conclusions.} ) 11...Bf5 {This natural move is a novelty.} ( 11...Nd7 {allows White to play e4 and achieve the advantage.} 12.e4 dxe4 13.Qxe4 {Andersson-Engqvist, Sweden 2015.} ) 12.Qb2 e6 {Bartel reinforces the center and now has the option to capture on d5 with the e-pawn. Of course, the bishop is in an uncomfortable position and this will need to be resolved with g5 or h5.} 13.Rfc1 ( 13.Ne5 {forces} 13...h5 $1 {[%c_effect h5;square;h5;type;GreatFind;persistent;true] But this is still not a big problem for Black.} 14.h3 h4 {With the typical and unavoidable slight advantage for White.} ) 13...g5 {Freeing some space for the bishop.} ( 13...Nd7 {is possible.} ) 14.Nd2 {This is probably not the best plan.} ( 14.b4 {immediately is possible:} 14...dxc4 15.Bxc4 Nd7 ) ( 14.cxd5 {is interesting:} 14...cxd5 ( 14...exd5 15.b4 {with the minority attack and a slight edge.} ) 15.h3 {Avoiding g4. If Black's knight is developed on c6, White can chase it with b4-b5.} ( 15.Ne5 Nd7 16.Nd3 {is also possible.} ) ) 14...Nd7 15.b4 Rc8 ( 15...dxc4 16.Nxc4 {This is good for White, as the knight becomes active.} ) ( 15...g4 $1 {[%c_effect g4;square;g4;type;GreatFind;persistent;true] This surprisingly primitive plan is suggested by the computer.} 16.b5 h5 {Black just starts pushing the pawns as well, apparently with good counterplay, if my machine has not gone mad.} ) 16.a4 {The advance of the queenside pawns is the natural plan.} 16...Re8 17.b5 ( 17.c5 $1 {[%c_effect c5;square;c5;type;GreatFind;persistent;true] This is the most accurate way of playing. White has the advantage after} 17...e5 18.b5 ) 17...c5 $1 18.cxd5 exd5 19.dxc5 $6 ( 19.Bf3 $1 {[%c_effect f3;square;f3;type;GreatFind;persistent;true] is the best way to fight for an advantage.} 19...Be6 ( {or} 19...cxd4 20.Bxd4 Rxc1+ 21.Rxc1 Ne5 22.Be2 {with the advantage.} ) 20.dxc5 ( 20.h3 $5 {[%c_effect h3;square;h3;type;Interesting;persistent;true] is also possible.} ) 20...Bxc3 21.Qxc3 Rxc5 22.Qd4 {with a small advantage for White.} ) 19...Bxc3 20.Qxc3 ( 20.Rxc3 $2 {[%c_effect c3;square;c3;type;Mistake;persistent;true] is tactically flawed:} 20...d4 $1 ) 20...Nxc5 21.Qb4 ( 21.Qd4 {leads to an equal endgame after} 21...Ne6 $1 ( 21...b6 22.Bf3 ) 22.Rxc8 ( 22.Qxa7 $2 {[%c_effect a7;square;a7;type;Mistake;persistent;true] loses the queen after} 22...Ra8 23.Qxb7 Re7 24.Qc6 Rc7 ) 22...Nxd4 23.Rxd8 Nxe2+ 24.Kf1 Rxd8 25.Kxe2 Rc8 ) 21...b6 ( 21...Qf6 $5 ) 22.Nf3 Qf6 23.Qa3 {Probably played to avoid ...Bd3, although he shouldn't have worried too much.} ( 23.Nd4 Bd3 24.Bg4 $1 ) 23...Ne4 ( 23...Ne6 {is a good way of playing, controlling d4 instead of attacking f2.} ) 24.Nd4 Bg6 25.Bf3 Nxf2 ( 25...Rc4 $5 {[%c_effect c4;square;c4;type;Interesting;persistent;true] is a good alternative.} ) 26.Kxf2 ( 26.Rf1 $5 {[%c_effect f1;square;f1;type;Interesting;persistent;true] leads to equal play:} 26...Nd3 27.Bxd5 Qe5 28.Bxf7+ $1 Bxf7 29.Qxd3 Qxe3+ 30.Qxe3 Rxe3 ) ( 26.Rxc8 {is also possible:} 26...Rxc8 27.Rf1 Nd3 28.Bxd5 Qe5 29.Bxf7+ Kg7 30.Kh1 Qxe3 31.Ne6+ Kh7 32.Nf8+ Kg7 33.Ne6+ {The game surprisingly ends in a draw. I love random perpetual-check variations.} ) 26...g4 $6 ( 26...Rxc1 $1 {[%c_effect c1;square;c1;type;GreatFind;persistent;true] It's better to exchange rooks first.} 27.Rxc1 g4 28.Qc3 ( 28.Rc6 Qh4+ 29.g3 $2 Qxh2+ 30.Bg2 Be4 {This is the difference: there's no way of protecting the g2-bishop.} ) 28...gxf3 29.Nxf3 ) 27.Rxc8 $6 ( 27.Rc6 $1 {[%c_effect c6;square;c6;type;GreatFind;persistent;true] is very unpleasant for Black. The key to finding this type of move is to use the \"Candidate Moves\" technique. As suggested by respected author and GM Jacob Aagaard, this is only possible by calculating slowly and looking for ideas that are not immediately apparent.} 27...Rxc6 ( 27...Qh4+ $2 {[%c_effect h4;square;h4;type;Mistake;persistent;true] loses after} 28.g3 Qxh2+ 29.Bg2 Be4 30.Rg1 $1 ) 28.bxc6 gxf3 29.gxf3 {Here Black has to fight for survival. An important variation goes:} 29...Qh4+ 30.Kg2 Qg5+ 31.Kh1 $1 {[%c_effect h1;square;h1;type;GreatFind;persistent;true] and now Black cannot take on e3, as after} 31...Rxe3 $2 32.c7 {White is winning.} ) 27...Rxc8 28.Rc1 ( 28.Rf1 $5 {[%c_effect f1;square;f1;type;Interesting;persistent;true] White has many alternative routes for this rook and this is one of them.} 28...gxf3 29.gxf3 {with a balanced position.} ) 28...Rc4 $1 {[%c_effect c4;square;c4;type;GreatFind;persistent;true] This strong move was probably missed by Royal.} 29.Ke2 $2 ( 29.Rxc4 $2 dxc4 {leaves Black with a dangerous passed pawn.} ) ( 29.Rf1 {is still possible.} ) 29...gxf3+ 30.Nxf3 ( 30.gxf3 Qh4 31.Rh1 Qh3 32.Kf2 Kh7 {White's pieces are tied up.} ) 30...Bc2 $1 {[%c_effect c2;square;c2;type;GreatFind;persistent;true] This subtle move wins the a-pawn.} 31.Nd4 $2 ( 31.Qa1 $1 {[%c_effect a1;square;a1;type;GreatFind;persistent;true] is the only chance, when white's position is difficult, but not lost.} ) 31...Rxa4 32.Qb2 Be4 33.Qb3 Rc4 ( 33...Ra5 $1 {[%c_effect a5;square;a5;type;GreatFind;persistent;true] is better. Black has a winning position: the rook is not as bad as it seems.} ) 34.Rxc4 dxc4 35.Qxc4 Bxg2 36.Qc8+ Kh7 37.Qc2+ Qg6 38.Qc7 Be4 $2 {[%c_effect e4;square;e4;type;Mistake;persistent;true] This lets the win slip.} ( 38...Bd5 $1 {[%c_effect d5;square;d5;type;GreatFind;persistent;true] is better. In case Wihte captures the a-pawn, Black is winning after} 39.Qxa7 Bc4+ 40.Kf2 Qf6+ 41.Kg3 Qe5+ {The queen and bishop coordinate very well in the attack against White's king and pawns.} ) 39.Kd2 $2 ( 39.Qxa7 $1 {[%c_effect a7;square;a7;type;GreatFind;persistent;true] leads to a likely draw after} 39...Qg2+ 40.Ke1 Qg1+ 41.Kd2 Qxh2+ 42.Kc3 Qf2 43.Qxb6 Qxe3+ 44.Kb4 ) 39...Qg2+ 40.Ke1 ( 40.Kc3 {is not enough:} 40...Qf2 41.Qf4 Qxf4 42.exf4 Kg7 $1 {[%c_effect g7;square;g7;type;GreatFind;persistent;true] with a winning endgame.} ( 42...Kg6 $2 {[%c_effect g6;square;g6;type;Mistake;persistent;true] This looks natural but it's a mistake:} 43.Nc6 a5 44.Ne7+ $1 {[%c_effect e7;square;e7;type;GreatFind;persistent;true] This is the difference.} 44...Kh5 45.Nc8 {with a draw.} ) ) 40...Qg1+ 41.Ke2 Bg6 $1 42.Qe5 ( 42.Qxa7 Qxh2+ {The h-pawn will eventually decide the game.} ) 42...Qg2+ 43.Ke1 Qe4 $1 44.Nc6 ( 44.Qxe4 Bxe4 {This endgame is hopeless for White. The important detail is that the knight cannot go to c6:} 45.Nc6 a5 $1 ( 45...a6 {is also good.} ) ) 44...Qb1+ 45.Kf2 a5 $1 {[%c_effect a5;square;a5;type;GreatFind;persistent;true] The final detail. Black drastically improves his pawn structure and creates a passed pawn.} 46.Ne7 ( 46.bxa6 {loses the knight after} 46...Qc2+ ) 46...Bd3 47.Nd5 Qf1+ 48.Kg3 Qg1+ 49.Kf3 Qf1+ 50.Kg3 Qg1+ 51.Kf3 Qg5 52.Qd4 Bxb5 53.h4 ( 53.Nxb6 Qf5+ 54.Qf4 ( 54.Kg3 Bc6 ) 54...Qxf4+ 55.Kxf4 a4 56.Nd5 a3 {with an easy win.} ) 53...Qf5+ 54.Kg3 h5 55.Nf6+ Kg6 56.Qxb6 Qe5+ 57.Kg2 Bf1+ 0-1

[Event "Chess Classic 2023"]
[Site "London"]
[Date "2023.12.07"]
[Round "6"]
[White "Volokitin, Andrei"]
[Black "Niemann, Hans Moke"]
[Result "1-0"]
[WhiteElo "2659"]
[BlackElo "2667"]
[ECO "C67"]
[EventDate "2023.??.??"]
[Annotator "rafael"]
[PlyCount "77"]
[Beauty "7767179926537"]
[EventType "swiss"]
[EventRounds "9"]
[EventCountry "CAN"]
[TimeControl "5400+30"]

1.e4 e5 2.Nf3 Nc6 3.Bb5 Nf6 4.O-O Nxe4 5.d4 Nd6 6.Bxc6 dxc6 7.dxe5 Nf5 8.Qxd8+ Kxd8 {As a somewhat experienced player, I remember that, when I was young, I witnessed the rise of the Berlin Defense, which I could never have imagined would become what it has become today. First I saw the Hungarian GM Zoltan Almasi popularize it, and I even faced him in this line. I also saw Kramnik use it as the weapon that neutralized Kasparov, who simply could not imagine that this defense was correct. In those times, entering the endgame was automatic and considered the natural attempt at refutation. This position, to me, never seemed easy to play for Black, but eventually White gave up and looked for other ways. From time to time, however, some strong GM is still able to break the solidity of the Berlin endgame.} 9.h3 Be7 10.Nc3 {There are so many possible plans for both sides in this endgame that it doesn't make much sense to mention them all. I'm going straight to the first moment that caught my attention.} 10...Nh4 11.Nxh4 Bxh4 12.Be3 h5 13.Ne2 $5 {[%c_effect e2;square;e2;type;Interesting;persistent;true] This move is the first of several subtle moves Volokitin played in this beautiful game, which the reader should pay close attention to. Although we're not yet talking about a theoretical novelty, this move is anything but obvious, and the Ukrainian GM thought for a long time before executing it. Alternatives include:} ( 13.Ne4 ) ( 13.Rad1+ {is the most popular move.} 13...Ke8 14.Ne2 Be7 {There are many important games at this position.} ) 13...Ke8 ( 13...Be7 {The commentator has the advantage of knowing what happened in the game. Knowing the plan executed by White, I can suggest Be7 immediately, since then the move f3 can always be answered with ...h4.} 14.f4 f5 15.exf6 gxf6 16.Rad1+ Ke8 {with equality in Vachier Lagrave-Karjakin, Olympiad Batumi 2018.} ) 14.f3 $1 {[%c_effect f3;square;f3;type;GreatFind;persistent;true] This move is the theoretical novelty. It's probably not a big deal; certainly the computer will show equality for Black. But what matters in chess is to create practical problems for the opponent. White wants to play the g2-pawn to g4, gaining space on the kingside. After all, the Berlin's biggest problem is that White gains a pawn majority on that side of the board.} 14...Be7 $6 {[%c_effect e7;square;e7;type;Inaccuracy;persistent;true] Niemann plays according to the traditional plan, moving the bishop back to then push the f-pawn. However, here it is dubious.} ( 14...Bf5 $1 {[%c_effect f5;square;f5;type;GreatFind;persistent;true] is an important alternative.} 15.Rac1 ( 15.Nd4 Bh7 {with equal chances.} ) 15...Rd8 16.g4 Be6 {Black's position is easier to play than what happens in the game.} ) 15.g4 $1 {[%c_effect g4;square;g4;type;GreatFind;persistent;true] White manages to carry out his plan.} 15...f5 $6 ( 15...hxg4 {first is more accurate:} 16.hxg4 f5 17.exf6 gxf6 {with an improved version of the game, even though White retains a small advantage.} ) ( 15...a5 {The computer simply ignores White's plan and prepares the advance on the queenside.} ) 16.exf6 gxf6 ( 16...Bxf6 $6 17.Bd4 $1 {[%c_effect d4;square;d4;type;GreatFind;persistent;true] It's well-known that when your opponent has the bishop pair, a possible plan is to try to exchange one of them. White now achieves this and has the advantage thanks to his better pawn structure. Of course, it's still not easy to break Black's defense.} ) 17.Nf4 hxg4 18.fxg4 $1 {[%c_effect g4;square;g4;type;GreatFind;persistent;true] For this reason it was better for Black to have captured on g4 earlier, when White was still forced to recapture with the h-pawn.} 18...f5 $2 {[%c_effect f5;square;f5;type;Mistake;persistent;true] This move opens the game to White's rooks, which is fatal to the black king, it being trapped in the middle of the board—let's not forget that Black can no longer castle.} ( 18...Kf7 {is necessary. White is just slightly better, according to the computer.} ) 19.Rae1 ( 19.Bd4 {leads to a winning position:} 19...Rg8 20.Rae1 Kf7 21.Ng2 $1 {[%c_effect g2;square;g2;type;GreatFind;persistent;true] with the idea of playing Ne3 and capturing the f-pawn.} ) 19...Kf7 {The only move.} 20.Bd4 Rd8 ( 20...Bf6 21.Bxf6 Kxf6 {It's clear that Black's position is horrible. A possible variation is:} 22.Kg2 Bd7 23.Nh5+ Kg6 24.Re7 fxg4 25.hxg4 ( 25.Nf4+ {is of course also good, but let's not spoil my variation.} ) 25...Bxg4 26.Rg7+ $1 Kxh5 27.Rh1+ Bh3+ 28.Rxh3# ) 21.Rxe7+ {This move seemed completely brilliant to me when I first saw the game. The computer, unfortunately, is not so impressed. Objectively I should put a $6 or even $2 for this exchange sacrifice, but I refuse to do it. The idea is too beautiful to deserve punishment by this commentator for \"simply\" being incorrect from a scientific point of view.} ( 21.Be5 {leaves White with a nearly winning position, but without spectacle. When I analyzed the Adams-Tabatabaei game, I mentioned that the English GM, who currently leads the tournament, recommends not complicating games that are following a favorable path. For him, 21.Be5 would be automatic. But that doesn't mean this will always be the right decision; after all, every person thinks in a different way and each player must follow their heart.} ) 21...Kxe7 22.Bc5+ Kf7 23.g5 {Volokitin prepares the advance of the g- and h-pawns. His positional compensation for the exchange is considerable and Black needs to play with great precision.} 23...Rg8 $2 ( 23...Be6 $2 {[%c_effect e6;square;e6;type;Mistake;persistent;true] is also insufficient:} 24.g6+ ( 24.Re1 {is also good.} ) 24...Kf6 25.Re1 Re8 26.Bd4+ {winning the bishop.} ) ( 23...b6 $1 {[%c_effect b6;square;b6;type;GreatFind;persistent;true] is the only way to defend. If Black finds all the computer moves he can somehow keep his head above water, even with White's pawns advancing.} 24.Be3 ( 24.Bb4 c5 25.Bc3 Ba6 26.g6+ Kg8 27.Re1 Re8 $1 {[%c_effect e8;square;e8;type;GreatFind;persistent;true] with saving chances.} ) 24...Ba6 25.Re1 Rd6 $1 {[%c_effect d6;square;d6;type;GreatFind;persistent;true] The only way. Black has to rush to exchange rooks.} 26.h4 Rad8 $1 27.h5 Rd1 28.Rxd1 Rxd1+ 29.Kf2 Kg7 {and apparently it's possible to save this position.} ) 24.h4 Be6 ( 24...b6 {is the only chance.} ) 25.Kf2 $1 {[%c_effect f2;square;f2;type;GreatFind;persistent;true] White prepares the simple Rg1 followed by h5. There's no longer any salvation for Black.} 25...Rg6 26.Rg1 Rag8 {Black manages to avoid the h4-h5 advance, but his pieces can barely move.} 27.Re1 Re8 28.Rg1 Reg8 29.Bd4 $1 {[%c_effect d4;square;d4;type;GreatFind;persistent;true] White improves the position of the bishop. There's no need to hurry.} 29...Bd5 30.Be5 b5 31.Bxc7 Be4 {A desperate attempt to create some counterplay, but now Volokitin exploits the d-file.} 32.Rd1 Bxc2 33.Rd7+ Ke8 34.Rd8+ Kf7 35.Rd7+ Ke8 36.Rd2 R6g7 ( 36...Be4 37.Nxg6 Rxg6 38.Bf4 {followed by the advance of the pawns, with an easy win.} ) 37.Be5 Rh7 38.Bf6 $1 {[%c_effect f6;square;f6;type;GreatFind;persistent;true] The most accurate.} ( 38.Rxc2 Rxh4 ) 38...Rf8 39.Rd8+ {A brilliant game by Volokitin.} ( 39.Rd8+ Kf7 40.g6+ ) 1-0